 Dungeon Crawl Stone Soup version 0.18.1-8-gdd0e5ea (webtiles) character file.

117 georgeearnest the Insei (level 4, -1/40 HPs)
             Began as a Draconian Monk on May 24, 2016.
             Slain by Menkaure (21 damage)
             ... on level 5 of the Dungeon.
             The game lasted 00:06:16 (2828 turns).

georgeearnest the Insei (Draconian Monk)            Turns: 2828, Time: 00:06:17

Health: -1/40      AC:  5    Str: 11 (13) XL:     4   Next: 71%
Magic:  4/4        EV: 17    Int:  8 (11) God:
Gold:   111        SH:  0    Dex: 11 (14) Spells: 0 memorised, 3 levels left

rFire  . . .     SeeInvis .       - Unarmed
rCold  . . .     Gourm    .     (armour unavailable)
rNeg   . . .     Faith    .     (no shield)
rPois  .         Spirit   .     (helmet restricted)
rElec  .         Dismiss  .     (no cloak)
rCorr  .         Reflect  .     (no gloves)
SustAt .         Harm     .     (no boots)
MR     .....                    (no amulet)
Stlth  ++........               (no ring)
                                l - +4 ring of evasion

@: not resistant to hostile enchantments, unstealthy
A: unfitting armour, cold-blooded, AC +5
a: no special abilities


You were on level 5 of the Dungeon.
You were not hungry.

You visited 1 branch of the dungeon, and saw 5 of its levels.

You collected 111 gold pieces.

Inventory:

Armour
 i - a +0 pair of boots
Jewellery
 l - a +4 ring of evasion (left hand)
Wands
 a - a wand of polymorph (11/24)
Scrolls
 b - 4 scrolls of identify {unknown}
 d - a scroll of amnesia {unknown}
 e - a scroll of remove curse {unknown}
 f - a scroll of magic mapping {unknown}
 g - a scroll of recharging {unknown}
 j - 3 scrolls of noise {unknown}
 n - a scroll of teleportation {unknown}
 o - a scroll of blinking {unknown}
Potions
 m - a potion of lignification
Comestibles
 h - a royal jelly
 p - 2 bread rations


   Skills:
 + Level 3.9 Fighting
 + Level 4.0 Dodging
 + Level 2.3 Stealth
 + Level 4.4 Unarmed Combat


You had 3 spell levels left.
You didn't know any spells.

Dungeon Overview and Level Annotations

Branches:
Dungeon (5/15)
 Temple: D:4-7

Altars:
Vehumet

Annotations:
D:3 ThereIsNoGod's ghost, amateur DgEE
D:4 Dowan; Duvessa
D:5 Menkaure


Innate Abilities, Weirdness & Mutations

Your plain brown scales are hard (AC +5).
Your body does not fit into most forms of armour.
You are cold-blooded and may be slowed by cold attacks.


Message History

Found 25 sling bullets.
Found a leather armour and a ring mail.
There is a radiant altar of Vehumet here.
You kneel at the altar of Vehumet.
Menkaure, Prince of Dust comes into view.
Found an onyx ring.
Press: ? - help, v - describe, . - travel
Here: Menkaure The floor.
Menkaure casts a spell at you. Pain shoots through your body!
Menkaure rustles in an indecipherable tongue.
Menkaure gestures at you while chanting.
Pain shoots through your body!
You open the door. Menkaure hits you!
There is an open door here.
Drink which item? (? for menu, Esc to quit)
You feel better. Menkaure hits you!!
Ouch! That really hurt!
You die...

#..#...#...#
#.........##
##.#..#.###
#.##+#.# #.#....#
#......##
#.......##
#.........####..#
+........M@...#
#.........#####
####....=##
#....## #...##
##+#


You could see Menkaure.

Vanquished Creatures
  A hound (D:4)
  3 adders (D:2)
  A dart slug (D:5)
  2 giant geckos
  2 orcs
  2 giant cockroaches
  7 goblins
  6 hobgoblins
  4 jackals (D:1)
  2 ball pythons
  9 bats
  4 giant newts
  6 kobolds
  A quokka skeleton (D:4)
  6 rats
56 creatures vanquished.

Notes
Turn   | Place    | Note
--------------------------------------------------------------
     0 | D:1      | georgeearnest the Draconian Monk began the quest for the Orb.
     0 | D:1      | Reached XP level 1. HP: 19/19 MP: 1/1
   270 | D:1      | Reached XP level 2. HP: 23/26 MP: 2/2
   910 | D:1      | Reached XP level 3. HP: 21/33 MP: 3/3
  2065 | D:2      | Reached XP level 4. HP: 40/40 MP: 4/4
  2437 | D:3      | Noticed ThereIsNoGod's ghost (amateur DgEE)
  2612 | D:4      | Noticed Dowan
  2613 | D:4      | Noticed Duvessa
  2689 | D:5      | Entered Level 5 of the Dungeon
  2692 | D:5      | Found a radiant altar of Vehumet.
  2817 | D:5      | Noticed Menkaure
  2828 | D:5      | Slain by Menkaure

Skill      XL: |  1  2  3  4 |
---------------+-------------+-----
Dodging        | 3 4 |  4.0
Stealth        | 2 |  2.3
Fighting       | |  3.9
Unarmed Combat | |  4.4

Action                   |  1- 3 |  4- 6 || total
-------------------------+-------+-------++-------
Melee: Unarmed           |   168 |    48 ||   216
       Tailslap          |    12 |     6 ||    18
       Punch             |     5 |       ||     5
  Use: Potion            |       |     6 ||     6
 Stab: Sleeping          |     7 |     1 ||     8
  Eat: Bread ration      |     1 |       ||     1
       Pizza             |     1 |       ||     1
Armor: Skin              |    49 |    36 ||    85
Dodge: Dodged            |   179 |    92 ||   271
